 Dungeon Crawl Stone Soup version 0.30-a0-29-g142975f185 (webtiles) character file.

Game seed: 523052554993508103

33 ytrimaz the Ruffian (level 3, 0/36 HPs)
             Began as a Troll Berserker on Aug 26, 2022.
             Was a Follower of Trog.
             Slain by a hobgoblin (4 damage)
             ... led by Robin
             ... on level 2 of the Dungeon.
             The game lasted 00:00:45 (905 turns).

ytrimaz the Ruffian (Troll Berserker)                Turns: 905, Time: 00:00:46

Health: 0/36       AC:  4    Str: 27    XL:     3   Next: 12%
Magic:  2/2        EV: 10    Int:  3    God:    Trog [*.....]
Gold:   100        SH:  0    Dex: 15    Spells: 2/2 levels left

rFire   . . .      SeeInvis .      - Unarmed
rCold   . . .      Faith    .    (no shield)
rNeg    . . .      Spirit   .    a - +0 animal skin
rPois   .          Reflect  .    (helmet restricted)
rElec   .          Harm     .    (no cloak)
rCorr   .          Rampage  .    (gloves unavailable)
Will    .....                    (boots unavailable)
Stlth   +.........               (no amulet)
HPRegen 0.92/turn                j - +6 ring of dexterity
MPRegen 0.08/turn                (no ring)

@: no status effects
A: large, unfitting armour, claws 3, regeneration 1, shaggy fur 1, tough skin 1
a: Renounce Religion, Berserk


You were on level 2 of the Dungeon.
You worshipped Trog.
Trog was aware of your devotion.
You visited 1 branch of the dungeon, and saw 2 of its levels.

You collected 100 gold pieces.

Inventory:

Missiles
 e - a throwing net (quivered)
Armour
 a - a +0 animal skin (worn)
Jewellery
 j - a +6 ring of dexterity (left claw)
Scrolls
 f - a scroll of noise {unknown}
 g - 3 scrolls of teleportation
Potions
 b - 2 potions of curing
 c - a potion of lignification {unknown}
 d - a potion of mutation {unknown}
 h - a potion of haste {unknown}
 i - a potion of heal wounds {unknown}


   Skills:
 + Level 2.9 Fighting
 - Level 2.4 Dodging
 + Level 3.8 Unarmed Combat


You had 2 spell levels left.
You didn't know any spells.
Your spell library was empty.

Dungeon Overview and Level Annotations

Branches:
Dungeon (2/15)

Altars:

Annotations:
D:2 Robin


Innate Abilities, Weirdness & Mutations

You are too large for most types of armour.
You have claws for hands.
Your natural rate of healing is unusually fast.
You are covered in fur. (AC +1)
You have tough skin. (AC +1)


Message History

The goblin shouts!
You hear a shout!
A hobgoblin comes into view.
The goblin moves out of view.
You hear a shout! x4
There are monsters nearby!
Robin and a goblin come into view.
Robin shouts!
The hobgoblin shouts!
The goblin shouts!
A goblin comes into view. It is wielding a +0 club.
A goblin comes into view.
It is wielding a +1 dagger of electrocution.
There are monsters nearby! 4 goblins come into view.
The goblin shouts! x3
Robin roars a battlecry!
The goblins go into a battle-frenzy!
The goblin shouts! x2
You scratch the goblin.
You kill the goblin!
Trog accepts your kill.
A hobgoblin comes into view.
Found an escape hatch in the ceiling.
Robin throws the goblin at you! The goblin misses you.
The goblin hits you with a +0 dagger.
You see here a +0 club.
You scratch the goblin.
The goblin is moderately wounded.
The goblin hits you with a +0 club. The hobgoblin hits you.
The goblin hits you with a +0 dagger. The hobgoblin hits you.
The goblin hits you with a +0 club.
Unknown command.
You are too injured to fight recklessly!
The goblin attacks as you move away! The goblin hits you with a +0 club.
The goblin attacks as you move away! The goblin hits you with a +0 club.
* * * LOW HITPOINT WARNING * * *
The hobgoblin attacks as you move away! The hobgoblin barely misses you.
Unknown command.
The goblin hits you with a +0 club.
* * * LOW HITPOINT WARNING * * *
The goblin hits you with a +0 dagger.
* * * LOW HITPOINT WARNING * * *
The hobgoblin attacks as you move away! The hobgoblin hits you.
You die...

.♣♣......... .#
..♣.<..#♣♣. .#
.P♣....#♣♣♣♣♣♣ ♣##.##
.P♣..........# ##.#..###.
.♣♣....####>.# ##.........
.♣♣..#.# #..# #..g.......
.P♣.##.# #..# #g.g......
..♣.##.####..####ggg.g...<
.♣♣.##..........@g#.......
.♣♣.#######..####gg.######
...<.........# ##.##
###.#######.## ... #.# #.#
#### #.# #.# ###.# #.#
....# #.. #####


You could see Robin, 2 hobgoblins and 7 goblins.

Vanquished Creatures
  An adder (D:2)
  A worm (D:2)
  A dart slug (D:1)
  3 endoplasms (D:1)
  2 kobolds
  3 quokkas (D:1)
  2 ball pythons (D:1)
  A bat (D:2)
  2 frilled lizards
  3 goblins
  A rat (D:1)
20 creatures vanquished.

Notes
Turn   | Place    | Note
-------+----------+-------------------------------------------
     0 | D:1      | ytrimaz the Troll Berserker began the quest for the Orb.
     0 | D:1      | Reached XP level 1. HP: 22/22 MP: 0/0
   150 | D:1      | Found a faded altar of an unknown god.
   167 | D:1      | Reached XP level 2. HP: 26/29 MP: 1/1
   670 | D:2      | Reached XP level 3. HP: 36/36 MP: 2/2
   898 | D:2      | Noticed Robin
   905 | D:2      | Slain by a hobgoblin

Illustrated notes

Levels and vault maps discovered:
D:1:      wander_arrival_lonely_grave, layout_loops_ring,
          ebering_ecumenical_altar_petrified
D:2:      layout_loops_ring, serial_forest, infiniplex_forest_diagonal,
          infiniplex_forest_pool, infiniplex_forest_straight_5,
          infiniplex_forest_straight_5, infiniplex_forest_straight_2,
          infiniplex_forest_lined_room_3, infiniplex_forest_lined_4_way,
          infiniplex_forest_end_1, infiniplex_forest_straight_2, uniq_robin

Action                   || total
-------------------------++-------
Melee: Unarmed           ||    39
  Use: Scroll            ||     4
 Stab: Sleeping          ||     1
Armor: Animal skin       ||    12
Dodge: Dodged            ||    17

Table legend: (Time is in decaauts)
 A = Elapsed time spent in this place.
 B = Non-inter-level travel time spent in this place.
 C = Inter-level travel time spent in this place.
 D = Time resting spent in this place.
 E = Time spent auto-exploring this place.
 F = Levels seen in this place.
 G = Mean time per level.
                   A        B        C        D        E       F      G
               +--------+--------+--------+--------+--------+-----+--------+
         Total |    901 |    897 |      4 |      0 |    754 |   2 |  450.5 |
       Dungeon |    901 |    897 |      4 |      0 |    754 |   2 |  450.5 |
               +--------+--------+--------+--------+--------+-----+--------+

Top non-repeatable levels by time:
     D:1: 537 daAuts
     D:2: 364 daAuts
